 Dungeon Crawl Stone Soup version 0.25-a0-479-g8579842fd4 (webtiles) character file.

Game seed: 16029423421439155637, levelgen mode: deterministic

51 night the Firebug (level 3, -3/32 HPs)
             Began as an Ogre Fire Elementalist on Feb 9, 2020.
             Killed by divine providence
             ... invoked by an orc priest
              (10 damage)
             ... on level 2 of the Dungeon.
             The game lasted 00:03:22 (1742 turns).

night the Firebug (Ogre Fire Elementalist)          Turns: 1742, Time: 00:03:23

Health: -3/32      AC:  3    Str: 12    XL:     3   Next: 83%
Magic:  2/7        EV: 10    Int: 17    God:
Gold:   48         SH:  0    Dex:  9    Spells: 7/8 levels left

rFire    . . .     SeeInvis .   h - +0 dagger (elec)
rCold    . . .     Gourm    .   (no shield)
rNeg     . . .     Faith    .   a - +0 robe
rPois    .         Spirit   .   (helmet restricted)
rElec    .         Reflect  .   (no cloak)
rCorr    .         Harm     .   (gloves unavailable)
MR       .....                  (boots unavailable)
Stlth    +.........             (no amulet)
HPRegen  0.10/turn              (no ring)
MPRegen  0.10/turn              (no ring)

@: no status effects
A: large, unfitting armour, tough skin 1
a: no special abilities


You were on level 2 of the Dungeon.
You were not hungry.

You visited 1 branch of the dungeon, and saw 2 of its levels.

You collected 48 gold pieces.

Inventory:

Hand Weapons
 e - a +0 short sword
 h - a +0 dagger of electrocution (weapon)
Missiles
 g - 26 stones (quivered)
 k - 16 sling bullets
 l - 11 poisoned darts
Armour
 a - a +0 robe (worn)
Scrolls
 b - a scroll of enchant weapon {unknown}
 i - 4 scrolls of identify {unknown}
 j - 3 scrolls of amnesia {unknown}
 m - a scroll of fog {unknown}
 n - a scroll of teleportation {unknown}
Potions
 d - a potion of agility {unknown}
 o - a potion of heal wounds {unknown}
Comestibles
 c - 3 rations


   Skills:
 + Level 0.6 Fighting
 + Level 0.4 Short Blades
 - Level 1.7 Dodging
 - Level 1.4 Stealth
 + Level 3.3 Spellcasting
 + Level 1.1 Conjurations
 + Level 3.4 Fire Magic


You had 7 spell levels left.
You knew the following spells:

 Your Spells              Type           Power        Failure   Level  Hunger
a - Foxfire               Conj/Fire      ##..         7%          1    None

Your spell library contained the following spells:

 Spells                   Type           Power        Failure   Level  Hunger
 Conjure Flame            Conj/Fire      ##......     21%         3    ###....
 Inner Flame              Hex/Fire       #.......     26%         3    ###....
 Sticky Flame             Conj/Fire      ##......     54%         4    ####...
 Fireball                 Conj/Fire      ##........   88%         5    ######.


Dungeon Overview and Level Annotations

Branches:
Dungeon (2/15)

Altars:
Kikubaaqudgha
Qazlal
The Shining One


Innate Abilities, Weirdness & Mutations

You are too large for most types of armour.
You have tough skin. (AC +1)


Message History

The orc is severely wounded.
The foxfire hits the orc.
You kill the orc!
The orc hits you with a +0 flail.
Casting: Foxfire (safe; 7% risk of failure)
Confirm with . or Enter, or press ? or * to list all spells.
You conjure some foxfire!
The foxfire hits the orc wizard but does no damage.
The foxfire hits the orc.
The orc is almost dead.
The orc closely misses you.
The orc priest mumbles some strange prayers to Beogh against you.
Beogh smites you!
* * * LOW HITPOINT WARNING * * *
Casting: Foxfire (safe; 7% risk of failure)
Confirm with . or Enter, or press ? or * to list all spells.
You conjure some foxfire!
The orc priest invokes the aid of Beogh against you.
Beogh smites you!
You die...

. ......#.###.#...##.###
..................##.# #
....#.#.#.#.#.#..###.###
....#.#.#.#.#.#..###....
..........#.#.#........#
.....................).#
...##.#..###########...#
......v.v..# ##...##..#
......o@o#.# ##.....##.#
....#.#.##.# #.......###
... #.#o# # #..._...# #
.. #.#?o #.......### . .
.... ##.....##.. . .....
..##...##...
.#.##.##.###.##..##
#..#. #...#.#.##.##.#
#.##..## .
#..#.##...#.#.##.##.#
#.......


You could see an orc priest, an orc wizard and 2 orcs.

Vanquished Creatures
  An ooze (D:1)
  4 dart slugs (D:1)
  An orc (D:2)
  5 bats (D:1)
  2 giant cockroaches (D:1)
  4 goblins
  4 hobgoblins
  2 jackals (D:1)
  2 frilled lizards (D:1)
  7 kobolds
  3 rats (D:1)
35 creatures vanquished.

Vanquished Creatures (others)
  88 foxfires
88 creatures vanquished.

Grand Total: 123 creatures vanquished

Notes
Turn   | Place    | Note
-------+----------+-------------------------------------------
     0 | D:1      | night the Ogre Fire Elementalist began the quest for the
                  | Orb.
     0 | D:1      | Reached XP level 1. HP: 16/16 MP: 3/3
   262 | D:1      | Reached XP level 2. HP: 24/24 MP: 2/5
   665 | D:1      | Reached skill level 1 in Conjurations
   790 | D:1      | Reached XP level 3. HP: 31/31 MP: 4/7
  1541 | D:2      | Found an ancient bone altar of Kikubaaqudgha.
  1544 | D:2      | Found a glowing golden altar of the Shining One.
  1630 | D:2      | Found a stormy altar of Qazlal.
  1742 | D:2      | Killed from afar by an orc priest

Levels and vault maps discovered:
D:1:      dpeg_arrival_rhombus, layout_basic
D:2:      layout_basic, lemuel_round_altar,
          chequers_temple_overflow_statue_of_worship, uniq_crazy_yiuf_cottage,
          uniq_sigmund

Skill      XL: |  1  2 |
---------------+-------+-----
Fire Magic     | 3 |  3.4
Conjurations   | 1 |  1.1
Spellcasting   | 3 |  3.3
Fighting       | |  0.6
Short Blades   | |  0.4
Dodging        | |  1.7
Stealth        | |  1.4

Action                   || total
-------------------------++-------
Melee: Unarmed           ||     6
       Short sword       ||    13
       Dagger            ||    16
 Cast: Foxfire           ||    51
 Stab: Sleeping          ||     3
  Eat: Chunk             ||     3
Armor: Robe              ||    15
Dodge: Dodged            ||    39

Table legend:
 A = Non-vault XP
 B = Vault XP
 C = Vault XP percentage of total XP
 D = Non-vault monster count
 E = Vault monster count
 F = Vault count percentage of total count
                 A         B        C        D         E       F
            +---------+---------+-------+---------+---------+-------
      Total |      74 |       0 |   0.0 |      35 |       0 |   0.0
            +---------+---------+-------+---------+---------+-------
        D:1 |      63 |       0 |   0.0 |      29 |       0 |   0.0
        D:2 |      11 |       0 |   0.0 |       6 |       0 |   0.0
            +---------+---------+-------+---------+---------+-------
